 Dungeon Crawl Stone Soup version 0.28.0 (webtiles) character file.

Game seed: 8256628895233134217

30903 robertstho the Thaumaturge (level 13, -4/99 HPs)
             Began as a Gnoll Fire Elementalist on Feb 11, 2022.
             Was an Elder of Sif Muna.
             Slain by a black mamba (33 damage)
             ... on level 4 of the Lair of Beasts.
             The game lasted 00:41:41 (22588 turns).

robertstho the Thaumaturge (GnFE)                  Turns: 22588, Time: 00:41:42

Health: -4/99      AC: 13    Str:  7      XL:     13   Next: 54%
Magic:  9/26       EV:  2    Int: 23 (26) God:    Sif Muna [****..]
Gold:   769        SH:  0    Dex: 19      Spells: 11/31 levels left

rFire   + . .      SeeInvis .   J - +6 shillelagh "Devastator" {shatter}
rCold   . . .      Faith    .   (no shield)
rNeg    . . .      Spirit   .   G - +0 troll leather armour
rPois   +          Reflect  .   x - +1 helmet
rElec   .          Harm     .   p - +1 cloak "Oweogumid" {rPois rF+ Int+6 Stlth-}
rCorr   .          Rampage  .   (no gloves)
Will    .....                   Q - +2 pair of boots
Stlth   +++.......              N - amulet of regeneration
HPRegen 1.86/turn               k - ring of poison resistance
MPRegen 0.20/turn               R - +6 ring of dexterity

@: sleeping, channelling
A: fangs 1, strong nose, distributed training
a: Renounce Religion, Channel Magic, Forget Spell, Divine Exegesis


You were on level 4 of the Lair of Beasts.
You worshipped Sif Muna.
Sif Muna was greatly pleased with you.
You visited 2 branches of the dungeon, and saw 15 of its levels.
You also visited: Gauntlet.

You collected 769 gold pieces.

Inventory:

Hand Weapons
 b - the +1 great sword "Reapp" {freeze, rC- Str+4 SInv}
   (You found it on level 2 of the Lair of Beasts)

   It freezes those it strikes, dealing additional cold damage.
   It can also slow down cold-blooded creatures.
   Str:       It affects your strength (+4).
   rC:        It makes you vulnerable to cold.
   SInv:      It lets you see invisible.
 I - a +3 scimitar of flaming
 J - the +6 shillelagh "Devastator" (weapon) {shatter}
   (You found it on level 10 of the Dungeon)

   It releases a powerful concussive burst when it strikes, dealing extra damage
   to the target and all other foes adjacent to them.
Missiles
 w - a throwing net
 W - 83 stones
Armour
 d - +0 steam dragon scales
 p - the +1 cloak "Oweogumid" (worn) {rPois rF+ Int+6 Stlth-}
   (You found it in a Gauntlet)

   Int:       It affects your intelligence (+6).
   rF:        It protects you from fire.
   rPois:     It protects you from poison.
   Stlth:     It makes you less stealthy.
 x - a +1 helmet (worn)
 F - a scarf of invisibility
 G - a +0 troll leather armour (worn)
 Q - a +2 pair of boots (worn)
 U - a +2 robe of fire resistance
Jewellery
 g - an amulet of the acrobat
 k - a ring of poison resistance (left hand)
 y - a ring of willpower
 L - a ring of willpower
 N - an amulet of regeneration (around neck)
 R - a +6 ring of dexterity (right hand)
 V - a ring of ice
Wands
 l - a wand of polymorph (8)
 r - a wand of charming (10)
 B - a wand of iceblast (4)
 S - a wand of digging (3)
Scrolls
 a - 5 scrolls of enchant weapon
 c - 2 scrolls of silence
 e - a scroll of enchant armour
 f - 8 scrolls of teleportation
 n - 2 scrolls of brand weapon
 v - 2 scrolls of fear
 C - 4 scrolls of noise {unknown}
 E - 2 scrolls of blinking {unknown}
 K - a scroll of immolation
 O - 2 scrolls of magic mapping {unknown}
 P - a scroll of acquirement {unknown}
Potions
 h - 6 potions of curing
 i - a potion of might
 m - a potion of lignification
 o - 4 potions of heal wounds
 q - a potion of haste
 s - 3 potions of flight
 t - 2 potions of attraction {unknown}
 u - a potion of brilliance
 z - 3 potions of ambrosia {unknown}
 A - 3 potions of mutation {unknown}
 D - 4 potions of cancellation
 H - 2 potions of degeneration {unknown}
Miscellaneous
 T - a box of beasts (inert)


   Skills:
 + Level 8.4 Fighting
 + Level 8.4 Short Blades
 + Level 8.4 Long Blades
 + Level 8.4 Axes
 + Level 8.4 Maces & Flails
 + Level 8.4 Polearms
 + Level 8.4 Staves
 + Level 8.4 Slings
 + Level 8.4 Bows
 + Level 8.4 Crossbows
 + Level 8.4 Throwing
 + Level 8.4 Armour
 + Level 9.6 Dodging
 + Level 9.4 Stealth
 + Level 8.4 Shields
 + Level 8.4 Unarmed Combat
 + Level 9.8 Spellcasting
 + Level 7.3 Conjurations
 + Level 7.0 Hexes
 + Level 7.0 Summonings
 + Level 7.0 Necromancy
 + Level 7.0 Translocations
 + Level 7.0 Transmutations
 + Level 9.0 Fire Magic
 + Level 7.0 Ice Magic
 + Level 7.0 Air Magic
 + Level 7.0 Earth Magic
 + Level 7.0 Poison Magic
 + Level 9.2 Invocations
 + Level 8.4 Evocations


You had 11 spell levels left.
You knew the following spells:

 Your Spells              Type           Power      Damage    Failure   Level
a - Foxfire               Conj/Fire      100%       2x1d9     1%          1
b - Scorch                Fire           100%       2d10      1%          2
c - Conjure Flame         Conj/Fire      49%        6-21      1%          3
d - Flame Wave            Conj/Fire      49%        2d10      2%          4
e - Iskenderun's Mystic   Conj/Tloc      44%        2d10      4%          4
f - Borgnjor's Vile Clut  Necr/Erth      21%        N/A       12%         5
g - Sandblast             Erth           86%        2d18      1%          1

Your spell library contained the following spells:

 Spells                   Type           Power      Damage    Failure   Level
 Slow                     Hex            100%       N/A       1%          1
 Ensorcelled Hibernation  Hex/Ice        86%        N/A       1%          2
 Passwall                 Tmut/Erth      35%        N/A       1%          2
 Confusing Touch          Hex            43%        N/A       1%          3
 Inner Flame              Hex/Fire       48%        N/A       1%          3
 Portal Projectile        Hex/Tloc       86%        N/A       1%          3
 Stone Arrow              Conj/Erth      88%        3d12      1%          3
 Summon Guardian Golem    Hex/Summ       43%        N/A       1%          3
 Vampiric Draining        Necr           43%        2d9       1%          3
 Cause Fear               Hex            21%        N/A       4%          4
 Fulminant Prism          Conj/Hex       22%        3d13      4%          4
 Alistair's Intoxication  Tmut/Pois      28%        N/A       12%         5
 Manifold Assault         Tloc           43%        N/A       12%         5
 Eringya's Noxious Bog    Tmut/Pois      21%        N/A       56%         6
 Malign Gateway           Summ/Tloc      21%        N/A       98%         7
 Discord                  Hex            21%        N/A       100%        8
 Disjunction              Tloc           21%        N/A       100%        8


Dungeon Overview and Level Annotations

Branches:
Dungeon (11/15)            Temple (0/1) D:6            Lair (4/6) D:8
 Shoals (0/4) Lair:3       Spider (0/4) Lair:2          Orc (0/2) D:10
Gauntlet (visited)

Altars:
Ashenzari
Elyvilon
Fedhas
Gozag
Hepliaklqana
Kikubaaqudgha
Qazlal
Ru
Sif Muna
Uskayaw
Vehumet
Xom
Yredelemnul
Zin
Jiyva

Annotations:
Lair:1 exclusion: 2 oklob plants


Innate Abilities, Weirdness & Mutations

You have very sharp teeth.
Your uncanny sense of smell can sniff out nearby items.
Your experience applies equally to all skills.


Message History

The blink frog is no longer more vulnerable to fire.
The blink frog completely misses you. The blink frog hits you.
* * * LOW HITPOINT WARNING * * *
The black mamba barely misses you.
The blink frog is no longer more vulnerable to fire.
The blink frog blinks! x2; The dream sheep bites the plant.
The plant begins to die.
The blink frog blinks! x3
The black mamba misses you.
Casting: Scorch (safe; 1% risk of failure)
Confirm with . or Enter, or press ? or * to list all spells.
Aiming: Borgnjor's Vile Clutch (dangerous; 12% risk of failure)
Press: ? - help, Shift-Dir - straight line Zombie hands grab the black mamba.
Zombie hands grab the blink frog.
Zombie hands grab the dream sheep.
The zombie hands constrict the black mamba.
The zombie hands constrict the dream sheep!
The zombie hands constrict the blink frog.
The black mamba bites you.
* * * LOW HITPOINT WARNING * * *
The blink frog escapes!
The black mamba barely misses you.
The dream sheep struggles to escape constriction.
Unknown command.
You feel much better.
The zombie hands constrict the black mamba.
The zombie hands constrict the dream sheep!
The blink frog blinks!
The black mamba closely misses you. The black mamba completely misses you.
The dream sheep struggles to escape constriction.
The zombie hands constrict the black mamba!
The zombie hands constrict the dream sheep!
You kill the dream sheep!
Sif Muna accepts your kill. The black mamba bites you! The blink frog hits you.
* * * LOW HITPOINT WARNING * * *
The blink frog blinks!
The dream sheep ruffle their wool and motes of dream dust sparkle, to no effect.
The dream sheep shake their wool and sparkle.
You feel drowsy...
You fall asleep.
The black mamba bites you!!
You die...

... ... ...# #..###
#....## #P...P# ..##
##F.F.### ..E☼
#@#.....###...P.
##S.......#.PPP
##.........P♣
#..FY.=#....♣ P
#$...FFF...P♣♣♣PP
..P..F.......PPPPPP
.......Y...†#.......
..##.#....P#§........
. #.#.....Y.F.......


You could see a black mamba (clutched), 7 blink frogs and 2 dream sheep.

Vanquished Creatures
  A minotaur (Gauntlet)
  Erica (D:10)
  3 hydras
  4 two-headed ogres
  Urug (Lair:1)
  A sixfirhy (Gauntlet)
  The ghost of yahweh the Twirler, a novice DrFE of Yredelemnul (Lair:1)
  A glowing orange brain (Lair:1)
  A cyclops (D:8)
  A manticore (D:8)
  A centaur zombie (D:11)
  3 elephants
  A black mamba (Lair:1)
  Maurice (D:9)
  3 cane toads
  A gargoyle (D:11)
  A demonic crawler (Lair:2)
  A kobold demonologist (D:8)
  7 komodo dragons
  3 trolls
  2 polar bears
  3 blink frogs (Lair:1)
  2 hornets
  2 dream sheep (Lair:4)
  3 slime creatures
  5 wyverns
  A basilisk (D:8)
  2 shadows (D:10)
  A wraith (D:10)
  33 yaks
  2 steam dragons
  5 vampire mosquitoes
  2 two-headed ogre zombies (D:10)
  2 swamp worms (Gauntlet)
  17 water moccasins
  2 sky beasts (D:6)
  3 black bears
  3 orc warriors
  4 ogres
  9 centaurs
  A phantom (D:5)
  2 kobold brigands (D:11)
  Blork the orc (D:3)
  12 bullfrogs
  A gnoll sergeant (D:9)
  3 scorpions
  A troll zombie (D:10)
  3 killer bees (D:9)
  14 wights
  8 howler monkeys
  An electric eel (Lair:2)
  An orc priest (D:10)
  A centaur skeleton (D:7)
  5 hounds
  6 jellies
  A bullfrog zombie (D:7)
  Jessica (D:2)
  Natasha (thrice) (D:2)
  An iguana (D:7)
  9 orc wizards
  5 ogre zombies (D:10)
  A howler monkey zombie (D:7)
  8 gnolls
  7 adders
  2 shadow imps
  4 white imps
  2 ufetubi (Gauntlet)
  5 worms
  The ghost of zeram the Sneak, a weakling GrDe (D:4)
  4 dart slugs
  24 orcs
  9 ball pythons
  5 endoplasms
  4 giant cockroaches
  5 goblins
  5 hobgoblins
  5 jackals
  3 quokkas
  3 bats
  2 frilled lizards (D:3)
  2 hobgoblin skeletons (D:10)
  4 hobgoblin zombies (D:10)
  9 kobolds
  An orc skeleton (D:10)
  16 orc zombies (D:10)
  6 rats
357 creatures vanquished.

Vanquished Creatures (collateral kills)
  4 foxfires
4 creatures vanquished.

Vanquished Creatures (others)
  556 foxfires
  7 fungi
  30 plants
593 creatures vanquished.

Grand Total: 954 creatures vanquished

Notes
Turn   | Place    | Note
-------+----------+-------------------------------------------
     0 | D:1      | robertstho the Gnoll Fire Elementalist began the quest for
                  | the Orb.
     0 | D:1      | Reached XP level 1. HP: 13/13 MP: 6/6
   212 | D:1      | Reached XP level 2. HP: 19/19 MP: 5/7
  1205 | D:2      | Reached skill level 5 in Spellcasting
  1205 | D:2      | Reached XP level 3. HP: 25/25 MP: 1/9
  1210 | D:1      | Learned a level 2 spell: Scorch
  1214 | D:1      | Learned a level 3 spell: Conjure Flame
  1273 | D:2      | HP: 1/25 [gnoll (12)]
  1391 | D:2      | Noticed Jessica
  1395 | D:2      | Killed Jessica
  1396 | D:2      | Reached skill level 1 in Fighting
  1396 | D:2      | Reached skill level 1 in Short Blades
  1396 | D:2      | Reached skill level 1 in Long Blades
  1396 | D:2      | Reached skill level 1 in Axes
  1396 | D:2      | Reached skill level 1 in Maces & Flails
  1396 | D:2      | Reached skill level 1 in Polearms
  1396 | D:2      | Reached skill level 1 in Staves
  1396 | D:2      | Reached skill level 1 in Slings
  1396 | D:2      | Reached skill level 1 in Bows
  1396 | D:2      | Reached skill level 1 in Crossbows
  1396 | D:2      | Reached skill level 1 in Throwing
  1396 | D:2      | Reached skill level 1 in Armour
  1396 | D:2      | Reached skill level 1 in Shields
  1396 | D:2      | Reached skill level 1 in Unarmed Combat
  1396 | D:2      | Reached skill level 1 in Invocations
  1396 | D:2      | Reached skill level 1 in Evocations
  1397 | D:2      | Reached XP level 4. HP: 15/32 MP: 3/11
  1993 | D:2      | Noticed Natasha
  1998 | D:2      | Killed Natasha
  1999 | D:2      | Reached skill level 1 in Hexes
  1999 | D:2      | Reached skill level 1 in Summonings
  1999 | D:2      | Reached skill level 1 in Necromancy
  1999 | D:2      | Reached skill level 1 in Translocations
  1999 | D:2      | Reached skill level 1 in Transmutations
  1999 | D:2      | Reached skill level 1 in Ice Magic
  1999 | D:2      | Reached skill level 1 in Air Magic
  1999 | D:2      | Reached skill level 1 in Earth Magic
  1999 | D:2      | Reached skill level 1 in Poison Magic
  2185 | D:2      | Reached XP level 5. HP: 37/37 MP: 6/12
  2557 | D:2      | Noticed Natasha
  2563 | D:2      | Killed Natasha
  2593 | D:2      | Noticed Natasha
  2598 | D:2      | Killed Natasha
  3015 | D:2      | Learned a level 4 spell: Flame Wave
  3195 | D:3      | Reached XP level 6. HP: 44/44 MP: 10/13
  3845 | D:3      | Found a faded altar of an unknown god.
  4319 | D:4      | Noticed Blork the orc
  4453 | D:3      | Reached skill level 5 in Dodging
  4588 | D:3      | Killed Blork the orc
  4955 | D:4      | You fall into a shaft and drop 3 floors!
  4972 | D:7      | Found a white marble altar of Elyvilon.
  4975 | D:7      | Found a basalt altar of Yredelemnul.
  4975 | D:7      | Found a shimmering blue altar of Sif Muna.
  4975 | D:7      | Found a shimmering altar of Xom.
  4975 | D:7      | Found a broken altar of Ashenzari.
  4981 | D:7      | Became a worshipper of Sif Muna the Loreminder
  5046 | D:7      | Reached XP level 7. HP: 45/50 MP: 8/15
  5542 | D:7      | Noticed a hornet
  5548 | D:7      | Killed a hornet
  5549 | D:7      | Reached skill level 5 in Stealth
  5587 | D:7      | Reached XP level 8. HP: 56/57 MP: 5/16
  5897 | D:6      | Found a sacrificial altar of Ru.
  5897 | D:6      | Found a blossoming altar of Fedhas.
  6340 | D:6      | Found a staircase to the Ecumenical Temple.
  6365 | D:5      | Entered Level 5 of the Dungeon
  6371 | D:5      | Reached XP level 9. HP: 65/65 MP: 12/18
  6676 | D:5      | Reached * piety under Sif Muna
  7271 | D:5      | Found a radiant altar of Vehumet.
  7275 | D:5      | Found an ancient bone altar of Kikubaaqudgha.
  7279 | D:5      | Found a glowing silver altar of Zin.
  8027 | D:4      | Noticed zeram's ghost (weakling GrDe)
  8158 | D:4      | Found a transporter.
  8160 | D:4      | Found a transporter.
  9409 | D:8      | Noticed a two-headed ogre
  9414 | D:8      | Killed a two-headed ogre
  9415 | D:8      | Reached skill level 5 in Invocations
  9526 | D:8      | Found a staircase to the Lair.
  9543 | D:8      | Reached XP level 10. HP: 73/73 MP: 9/20
  9565 | D:7      | Reached skill level 5 in Fighting
  9565 | D:7      | Reached skill level 5 in Short Blades
  9565 | D:7      | Reached skill level 5 in Long Blades
  9565 | D:7      | Reached skill level 5 in Axes
  9565 | D:7      | Reached skill level 5 in Maces & Flails
  9565 | D:7      | Reached skill level 5 in Polearms
  9565 | D:7      | Reached skill level 5 in Staves
  9565 | D:7      | Reached skill level 5 in Slings
  9565 | D:7      | Reached skill level 5 in Bows
  9565 | D:7      | Reached skill level 5 in Crossbows
  9565 | D:7      | Reached skill level 5 in Throwing
  9565 | D:7      | Reached skill level 5 in Armour
  9565 | D:7      | Reached skill level 5 in Shields
  9565 | D:7      | Reached skill level 5 in Unarmed Combat
  9565 | D:7      | Reached skill level 5 in Evocations
 10028 | D:8      | Noticed a two-headed ogre
 10039 | D:8      | Killed a two-headed ogre
 10095 | D:8      | Reached ** piety under Sif Muna
 10112 | D:8      | Reached skill level 5 in Conjurations
 10284 | D:8      | Noticed a manticore
 10290 | D:8      | Killed a manticore
 10677 | D:8      | Noticed a cyclops
 10687 | D:8      | Killed a cyclops
 10688 | D:8      | Reached XP level 11. HP: 71/81 MP: 8/22
 10862 | D:8      | Found a hazy altar of Hepliaklqana.
 11277 | D:8      | Reached skill level 5 in Hexes
 11277 | D:8      | Reached skill level 5 in Summonings
 11277 | D:8      | Reached skill level 5 in Necromancy
 11277 | D:8      | Reached skill level 5 in Translocations
 11277 | D:8      | Reached skill level 5 in Transmutations
 11277 | D:8      | Reached skill level 5 in Ice Magic
 11277 | D:8      | Reached skill level 5 in Air Magic
 11277 | D:8      | Reached skill level 5 in Earth Magic
 11277 | D:8      | Reached skill level 5 in Poison Magic
 11807 | D:8      | Found an opulent altar of Gozag.
 11917 | D:8      | Noticed a five-headed hydra
 11917 | D:8      | Noticed a skeletal warrior
 11918 | D:8      | Noticed a purple ugly thing
 11918 | D:8      | Found the +7 great mace "Undeadhunter" {disrupt, rN+}
 12356 | D:9      | Found a hide-covered altar of Uskayaw.
 12363 | D:9      | Reached *** piety under Sif Muna
 12572 | D:9      | Noticed Maurice
 12579 | D:9      | Killed Maurice
 12877 | D:9      | Noticed a two-headed ogre
 12887 | D:9      | Killed a two-headed ogre
 13666 | D:10     | Entered Level 10 of the Dungeon
 13781 | D:10     | Noticed a two-headed ogre
 13785 | D:10     | Killed a two-headed ogre
 14155 | D:10     | Reached XP level 12. HP: 65/89 MP: 12/24
 14365 | D:10     | Found the +6 shillelagh "Devastator" {shatter}
 14476 | D:10     | Noticed Erica
 14485 | D:10     | Killed Erica
 14931 | D:10     | Reached **** piety under Sif Muna
 14983 | D:10     | Found a staircase to the Orcish Mines.
 14998 | D:10     | Noticed a seven-headed hydra
 15003 | D:10     | Killed a seven-headed hydra
 16504 | Lair:1   | Entered Level 1 of the Lair of Beasts
 16575 | Lair:1   | Found a stormy altar of Qazlal.
 16576 | Lair:1   | Noticed a five-headed hydra
 16583 | Lair:1   | Killed a five-headed hydra
 17375 | Lair:1   | Found a runed translucent gate.
 17375 | Lair:1   | Found a runed translucent gate.
 17375 | Lair:1   | Found a runed translucent gate.
 17376 | Lair:1   | Noticed yahweh's ghost (novice DrFE)
 17768 | Lair:1   | Found a viscous altar of Jiyva.
 17800 | Lair:2   | Noticed Urug
 17830 | Lair:1   | Killed Urug
 18009 | Lair:2   | Identified the amulet "Ishyvet" {Spirit *Slow MP+9 Int+3}
 18016 | Lair:2   | Identified the +1 great sword "Reapp" {freeze, rC- Str+4
                  | SInv}
 18210 | Lair:2   | Noticed a five-headed hydra
 18220 | Lair:2   | Killed a five-headed hydra
 18221 | Lair:2   | Reached XP level 13. HP: 82/98 MP: 15/26
 18595 | D:4      | Killed zeram's ghost
 18777 | Lair:2   | Found a hole to the Spider Nest.
 18791 | Lair:2   | Reached ***** piety under Sif Muna
 18791 | Lair:2   | Received a gift from Sif Muna
 18793 | Lair:2   | Got Gyaggus's Catalogue of Warped Hexes {god gift}
 20026 | Lair:3   | Found a gate leading to a gauntlet.
 20042 | Gauntlet | Entered a Gauntlet
 20042 | Gauntlet | Found a transporter.
 20051 | Gauntlet | Found a transporter.
 20066 | Gauntlet | Found a transporter.
 20071 | Gauntlet | Found a transporter.
 20076 | Gauntlet | Noticed a balrug
 20088 | Gauntlet | Found a transporter.
 20106 | Gauntlet | Found a transporter.
 20118 | Gauntlet | Found a transporter.
 20124 | Gauntlet | Found a transporter.
 20139 | Gauntlet | Found a transporter.
 20142 | Gauntlet | Noticed a blizzard demon
 20151 | Gauntlet | Found a transporter.
 20155 | Gauntlet | Noticed a quicksilver ooze
 20163 | Gauntlet | Found a transporter.
 20180 | Gauntlet | Found a transporter.
 20198 | Gauntlet | Found a transporter.
 20200 | Gauntlet | Found a transporter.
 20227 | Gauntlet | Found a transporter.
 20245 | Gauntlet | Found a transporter.
 20247 | Gauntlet | Found a transporter.
 20337 | Gauntlet | Found a transporter.
 20510 | Gauntlet | Identified the amulet "Hasiakk" {Faith Harm Fragile rElec
                  | rPois}
 20594 | Gauntlet | Identified the +1 cloak "Oweogumid" {rPois rF+ Int+6
                  | Stlth-}
 20630 | Gauntlet | Noticed a minotaur
 20644 | Gauntlet | Killed a minotaur
 20702 | Gauntlet | Got the Collected Works on the Oath
 20723 | Gauntlet | Learned a level 4 spell: Iskenderun's Mystic Blast
 20729 | Gauntlet | Learned a level 5 spell: Borgnjor's Vile Clutch
 20798 | Lair:3   | Found a staircase to the Shoals.
 21771 | Lair:3   | Learned a level 1 spell: Sandblast
 22245 | Lair:1   | Killed yahweh's ghost
 22427 | Lair:1   | Got the Papyrus of Entrancing Clay
 22588 | Lair:4   | Slain by a black mamba

Illustrated notes

Levels and vault maps discovered:
D:1:      dpeg_arrival_line_fractal, layout_basic
D:2:      layout_basic, uniq_jessica, uniq_natasha
D:3:      layout_loops_corners, ebering_ecumenical_altar_hall
D:4:      layout_basic, gammafunk_ghost_smash, moated_statue, uniq_blork_the_orc
D:5:      layout_loops_ring, grunt_temple_overflow_diamond, kennysheep_path_1
D:6:      layout_gridville, chequers_temple_overflow_statue_of_worship,
          temple_statues
D:7:      layout_basic, grunt_temple_overflow_open
D:8:      minmay_the_grid_triangle_9x9_rhombus_thin
          [minmay_the_grid_triangle_9x9_shrine,
          minmay_the_grid_triangle_9x9_prize_insulated,
          minmay_the_grid_triangle_9x9_dagger,
          minmay_the_grid_triangle_9x9_negative_grid], layout_loops_ring,
          mainiacjoe_overflow_alcove_1, kennysheep_mini_moat,
          minmay_lair_entry_grove, kb_rosetta
D:9:      layout_roguey, mainiacjoe_overflow_alcove_4, uniq_maurice
D:10:     layout_roguey, zombieorc2_lemuel, uniq_erica
D:11:     layout_cave_pools, minmay_unpleasant_kobolds
Lair:1:   dpeg_oklob_gauntlet, layout_regular_city, gammafunk_ghost_ooze,
          lemuel_oklob_altar, grunt_megastairs_2
Lair:2:   layout_roguey, nicolae_spider_entry_non_spiders,
          gammafunk_lair_bear_cave, uniq_urug
Lair:3:   layout_chaotic_city, minmay_shoals_entry_centaurs,
          gauntlet_entry_generic
Lair:4:   layout_gridlike, minivault_19

Skill      XL: |  1  2  3  4  5  6  7  8  9 10 11 12 13 |
---------------+----------------------------------------+-----
Conjurations   | 2 3 4 5 6 7 |  7.3
Spellcasting   | 5 6 7 8 9 |  9.8
Fighting       | 1 2 3 4 5 6 7 8 |  8.4
Short Blades   | 1 2 3 4 5 6 7 8 |  8.4
Long Blades    | 1 2 3 4 5 6 7 8 |  8.4
Axes           | 1 2 3 4 5 6 7 8 |  8.4
Maces & Flails | 1 2 3 4 5 6 7 8 |  8.4
Polearms       | 1 2 3 4 5 6 7 8 |  8.4
Staves         | 1 2 3 4 5 6 7 8 |  8.4
Slings         | 1 2 3 4 5 6 7 8 |  8.4
Bows           | 1 2 3 4 5 6 7 8 |  8.4
Crossbows      | 1 2 3 4 5 6 7 8 |  8.4
Throwing       | 1 2 3 4 5 6 7 8 |  8.4
Armour         | 1 2 3 4 5 6 7 8 |  8.4
Shields        | 1 2 3 4 5 6 7 8 |  8.4
Unarmed Combat | 1 2 3 4 5 6 7 8 |  8.4
Invocations    | 1 2 3 4 5 6 7 8 9 |  9.2
Evocations     | 1 2 3 4 5 6 7 8 |  8.4
Hexes          | 1 2 3 4 5 6 7 |  7.0
Summonings     | 1 2 3 4 5 6 7 |  7.0
Necromancy     | 1 2 3 4 5 6 7 |  7.0
Translocations | 1 2 3 4 5 6 7 |  7.0
Transmutations | 1 2 3 4 5 6 7 |  7.0
Ice Magic      | 1 2 3 4 5 6 7 |  7.0
Air Magic      | 1 2 3 4 5 6 7 |  7.0
Earth Magic    | 1 2 3 4 5 6 7 |  7.0
Poison Magic   | 1 2 3 4 5 6 7 |  7.0
Dodging        | 5 6 7 8 9 |  9.6
Stealth        | 5 6 7 8 9 |  9.4
Fire Magic     | 6 7 8 9 |  9.0

Action                   |  1- 3 |  4- 6 |  7- 9 | 10-12 | 13-15 || total
-------------------------+-------+-------+-------+-------+-------++-------
Melee: Halberd           |       |     9 |       |       |       ||     9
       War axe           |       |       |    51 |    38 |       ||    89
       Bite              |       |       |     5 |    20 |     7 ||    32
       Punch             |       |       |     3 |     6 |     2 ||    11
       Shillelagh        |       |       |       |   140 |    64 ||   204
 Cast: Foxfire           |    53 |    64 |    74 |    95 |    52 ||   338
       Scorch            |       |    39 |    80 |   221 |    78 ||   418
       Conjure Flame     |       |       |     1 |     9 |     1 ||    11
       Flame Wave        |       |       |     1 |    16 |     4 ||    21
       Borgnjor's Vile C |       |       |       |       |     6 ||     6
       Sandblast         |       |       |       |       |     1 ||     1
Invok: Channel Magic     |       |       |     1 |     1 |     1 ||     3
Evoke: Wand              |       |       |       |     2 |     2 ||     4
       Box of beasts     |       |       |       |       |     1 ||     1
  Use: Scroll            |       |     7 |     3 |     6 |     2 ||    18
       Potion            |       |       |       |     5 |     7 ||    12
 Stab: Sleeping          |       |       |     5 |     3 |       ||     8
       Distracted        |       |       |       |     2 |       ||     2
Armor: Robe              |     2 |     4 |       |       |       ||     6
       Steam dragon scal |       |       |    11 |    42 |       ||    53
       Troll leather arm |       |       |       |    19 |    47 ||    66
       Skin              |       |       |       |       |     3 ||     3
Dodge: Dodged            |     6 |    28 |    69 |   249 |   134 ||   486
